 Dungeon Crawl Stone Soup version 0.22-a0-412-g2b68d14 (webtiles) character file.

1432 Borgoz the Skirmisher (level 8, -10/76 HPs)
             Began as a Gargoyle Abyssal Knight on May 12, 2018.
             Was an Elder of Lugonu.
             Mangled by Gorice's ghost (14 damage)
             ... on level 7 of the Dungeon.
             The game lasted 00:10:15 (5880 turns).

Borgoz the Skirmisher (Gargoyle Abyssal Knight)     Turns: 5880, Time: 00:10:16

Health: -10/76     AC: 27    Str: 14 (15) XL:     8   Next: 73%
Magic:  12/12      EV:  2    Int: 11 (12) God:    Lugonu [****..]
Gold:   235        SH:  3    Dex: 10 (11) Spells: 7/7 levels left

rFire    . . .     SeeInvis .   a - +2 war axe (venom)
rCold    . . .     Gourm    .   (no shield)
rNeg     + + +     Faith    .   (armour currently unavailable)
rPois    ∞         Spirit   .   (helmet currently unavailable)
rElec    .         Reflect  +   (cloak currently unavailable)
rCorr    .         Harm     .   (gloves currently unavailable)
MR       .....     NoTele   +   (boots currently unavailable)
Stlth    +.........             x - +3 amulet of reflection
HPRegen  0.22/turn              o - +3 ring of protection
MPRegen  0.13/turn              (no ring)

@: tree-form, very slightly contaminated, hasted, invisible, very quick
A: dopey 1, negative energy resistance 1, wild magic 1, petrification
resistance, rot immunity, AC +5
a: Depart the Abyss, Bend Space, Banish, Corrupt, Renounce Religion


You were on level 7 of the Dungeon.
You worshipped Lugonu.
Lugonu was greatly pleased with you.
You were not hungry.
You were a tree.
You visited 1 branch of the dungeon, and saw 7 of its levels.
You visited the Abyss 1 time.
You also visited: Ossuary.

You collected 235 gold pieces.

Inventory:

Hand Weapons
 a - a +2 war axe of venom (weapon)
Armour
 i - a cursed +0 leather armour (melded)
 s - a +1 pair of gloves (melded)
 t - a cursed +0 pair of boots (melded)
Jewellery
 o - a +3 ring of protection (left branch)
 x - a +3 amulet of reflection (around neck)
Wands
 r - a wand of enslavement (13)
 u - a wand of digging (11)
 A - a wand of iceblast (9)
 E - a wand of clouds (4)
Scrolls
 b - 3 scrolls of magic mapping {unknown}
 d - 3 scrolls of fear {unknown}
 g - 6 scrolls of identify {unknown}
 h - 6 scrolls of teleportation {unknown}
 j - a scroll of enchant weapon {unknown}
 l - 2 scrolls of enchant armour {unknown}
 n - 3 scrolls of blinking {unknown}
 v - 3 scrolls of remove curse {unknown}
 w - 2 scrolls of amnesia {unknown}
 y - 5 scrolls of immolation {unknown}
 B - 2 scrolls of noise {unknown}
 C - 2 scrolls of random uselessness {unknown}
Potions
 e - a potion of magic
 f - a potion of haste
 k - 4 potions of flight
 m - 2 potions of curing
 p - 2 potions of might {unknown}
 q - 3 potions of mutation
Comestibles
 c - 8 rations


   Skills:
 + Level 6.1 Fighting
 + Level 4.5 Axes
 + Level 5.5 Armour
 + Level 3.9 Dodging
 + Level 5.3 Invocations


You had 7 spell levels left.
You didn't know any spells.
Your spell library was empty.

Dungeon Overview and Level Annotations

Branches:
Dungeon (7/15)             Temple (0/1) D:4

Altars:
Cheibriados
Dithmenos
Elyvilon
Hepliaklqana
Kikubaaqudgha
Makhleb
Qazlal
Trog
Yredelemnul
Zin

Shops:
D:4 (   D:6 }

Annotations:
D:7 Gorice's ghost, novice DEFE


Innate Abilities, Weirdness & Mutations

You are resistant to torment.
((Your stone body is resilient. (AC +5)))
You are immune to poison.
You resist negative energy. (rN+)
((You are resistant to electric shocks. (rElec)))
((You can survive without breathing.))
You are immune to petrification.
You are immune to rotting.
You are dopey. (Int -2)
Your spells are a little harder to cast, but a little more powerful.


Message History

Ouch! That really hurt!
* * * LOW HITPOINT WARNING * * *
The fireball engulfs Gorice's ghost.
Gorice's ghost resists.
You hear a shout! x8
It was a potion of lignification.
You turn into a tree.
Your +1 pair of gloves melds into your body.
Your cursed +0 pair of boots melds into your body.
Your cursed +0 leather armour melds into your body.
Your roots penetrate the ground.
Gorice's ghost hits you but does no damage.
It was a potion of haste.
You feel yourself speed up.
Gorice's ghost hits you but does no damage.
You slash Gorice's ghost!
Gorice's ghost is severely damaged.
Gorice's ghost hits you but does no damage.
You completely miss Gorice's ghost.
Gorice's ghost is severely damaged.
Gorice's ghost hits you but does no damage.
You are electrocuted!
You die...

# #######+#.# #.
..........#
###.#
###.....)......#
#≈...§
#<#.........#
... .... .....


You could see Gorice's ghost.

Vanquished Creatures
  Grinder (D:6)
  Duvessa (D:4)
  A phantom (D:6)
  Dowan (D:4)
  3 scorpions
  2 howler monkeys
  A bullfrog zombie (D:5)
  A quasit (D:5)
  A hound (D:5)
  A jelly (D:5)
  2 orc priests (D:4)
  A bullfrog skeleton (D:4)
  A centaur skeleton (D:4)
  2 orc wizards
  An iguana (D:4)
  5 worker ants
  2 big kobold zombies (Ossuary)
  3 hound skeletons
  5 mummies (Ossuary)
  5 adders
  A worm (D:3)
  4 dart slugs
  5 leopard geckos
  24 orcs
  12 bats
  4 giant cockroaches
  A gnoll zombie (Ossuary)
  6 goblins
  9 hobgoblins
  10 kobolds
  4 quokkas
  5 ball pythons
  5 frilled lizards
  2 goblin zombies (Ossuary)
  3 hobgoblin zombies (Ossuary)
  5 rats
  A spectral orc (D:6)
141 creatures vanquished.

Notes
Turn   | Place    | Note
-------+----------+-------------------------------------------
     0 | Abyss:1  | Borgoz the Gargoyle Abyssal Knight began the quest for the Orb.
     0 | Abyss:1  | Reached XP level 1. HP: 14/14 MP: 2/2
    94 | Abyss:1  | Noticed a large abomination
    95 | D:1      | Escaped the Abyss
   166 | D:1      | Reached * piety under Lugonu
   180 | D:1      | Reached skill level 1 in Dodging
   180 | D:1      | Reached XP level 2. HP: 19/19 MP: 3/3
   443 | D:1      | Reached XP level 3. HP: 21/23 MP: 4/4
   903 | D:2      | Reached ** piety under Lugonu
  1425 | D:2      | Reached XP level 4. HP: 29/29 MP: 5/5
  2177 | D:3      | Reached *** piety under Lugonu
  2551 | D:4      | Found Wagga's Antique Weapon Boutique.
  2563 | D:4      | Reached skill level 4 in Fighting
  2563 | D:4      | Reached XP level 5. HP: 31/33 MP: 7/7
  2781 | D:4      | Reached XP level 6. HP: 38/38 MP: 8/8
  2890 | D:4      | Found a white marble altar of Elyvilon.
  2890 | D:4      | Found a shadowy altar of Dithmenos.
  2890 | D:4      | Found a hazy altar of Hepliaklqana.
  2891 | D:4      | Found a burning altar of Makhleb.
  2892 | D:4      | Found a snail-covered altar of Cheibriados.
  2893 | D:4      | Found an ancient bone altar of Kikubaaqudgha.
  2958 | D:4      | Found a staircase to the Ecumenical Temple.
  3228 | D:4      | Noticed Dowan
  3231 | D:4      | Noticed Duvessa
  3234 | D:4      | Killed Dowan
  3234 | D:4      | Reached XP level 7. HP: 36/44 MP: 9/9
  3244 | D:4      | Killed Duvessa
  3434 | D:4      | Found a glowing silver altar of Zin.
  3457 | D:4      | Reached skill level 5 in Fighting
  4009 | D:5      | Entered Level 5 of the Dungeon
  4105 | D:5      | Reached XP level 8. HP: 20/49 MP: 11/11
  4532 | D:5      | Reached **** piety under Lugonu
  4657 | D:5      | Found a sand-covered staircase.
  4699 | Ossuary  | Entered an ossuary
  4801 | Ossuary  | Reached skill level 5 in Armour
  4829 | Ossuary  | Gained mutation: You are dopey. (Int -2) [potion of mutation]
  4829 | Ossuary  | Gained mutation: Your spells are a little harder to cast, but a little more powerful. [potion of mutation]
  5395 | D:6      | Noticed Grinder
  5469 | D:6      | Found Iniseh's Gadget Shoppe.
  5525 | D:6      | Killed Grinder
  5525 | D:6      | Reached skill level 5 in Invocations
  5526 | D:6      | Found a bloodstained altar of Trog.
  5611 | D:6      | Reached skill level 6 in Fighting
  5629 | D:6      | Found a basalt altar of Yredelemnul.
  5841 | D:7      | Noticed Gorice's ghost (novice DEFE)
  5858 | D:7      | Found a stormy altar of Qazlal.
  5880 | D:7      | Mangled by Gorice's ghost

Vault maps used:
D:1:      dpeg_arrival_concentric_ovals, st_stairs_4
D:2:      first_ration
D:3:      minmay_diamond_boxcup, serial_bayou_lagoon_a
D:4:      grunt_temple_overflow_open, zin_treasury, temple_statues,
          serial_shops, nicolae_shop_statue_plus, uniq_duvessa
D:5:      nicolae_ossuary_entry_plus
D:6:      yredelemnul_forgotten_temple_becter, basic_altar, serial_shops, shop,
          uniq_grinder
D:7:      grunt_qazlal_clouds, serial_shops, nicolae_shop_behind_doors,
          kennysheep_generic_room_15, uniq_pikel
Ossuary:  ossuary_crypta

Skill      XL: |  1  2  3  4  5  6  7  8 |
---------------+-------------------------+-----
Dodging        | 1 2 3 |  3.9
Axes           | 2 3 4 |  4.5
Armour         | 3 4 5 |  5.5
Fighting       | 4 5 6 |  6.1
Invocations    | 3 4 5 |  5.3

Action                   |  1- 3 |  4- 6 |  7- 9 || total
-------------------------+-------+-------+-------++-------
Melee: Hand axe          |   126 |    60 |       ||   186
       War axe           |       |    82 |   178 ||   260
Invok: Depart the Abyss  |     1 |       |       ||     1
  Use: Potion            |       |       |     8 ||     8
  Eat: Chunk             |     1 |     7 |     5 ||    13
       Ration            |       |       |     1 ||     1
Armor: Leather armour    |    53 |    66 |    92 ||   211
       Skin              |       |       |     4 ||     4
Dodge: Dodged            |   106 |   105 |    83 ||   294
Block: Other             |       |       |     4 ||     4

Table legend:
 A = Spawn XP
 B = Non-spawn XP
 C = Spawn XP percentage of total XP
 D = Spawn monster count
 E = Non-spawn monster count
 F = Spawn count percentage of total count
 G = Total turns spent on level
                    A         B        C        D         E        F      G
               +---------+---------+-------+---------+---------+-------+---------
         Total |       0 |    2046 |   0.0 |       0 |     141 |   0.0 |  5880
               +---------+---------+-------+---------+---------+-------+---------
           D:1 |       0 |      53 |   0.0 |       0 |      30 |   0.0 |   772
           D:2 |       0 |      29 |   0.0 |       0 |      15 |   0.0 |   779
           D:3 |       0 |      69 |   0.0 |       0 |      29 |   0.0 |   889
           D:4 |       0 |     808 |   0.0 |       0 |      32 |   0.0 |  1474
           D:5 |       0 |     445 |   0.0 |       0 |      17 |   0.0 |   936
           D:6 |       0 |     494 |   0.0 |       0 |       5 |   0.0 |   395
       Ossuary |       0 |     148 |   0.0 |       0 |      13 |   0.0 |   512
               +---------+---------+-------+---------+---------+-------+---------
